 Dungeon Crawl Stone Soup version 0.32-a0-305-gcc768c7156 (webtiles) character file.

Game seed: 6695610815254303978

10250 Dirtsage the Mimic (level 11, -2/88 HPs)
             Began as an Octopode Shapeshifter on Feb 14, 2024.
             Was a High Priest of the Shining One.
             Killed by divine providence
             ... invoked by an orc priest
              (11 damage)
             ... on level 10 of the Dungeon.
             The game lasted 00:25:36 (11330 turns).

Dirtsage the Mimic (Octopode Shapeshifter)         Turns: 11330, Time: 00:25:36

Health: -2/88      AC: 10    Str: 18    XL:     11   Next: 59%
Magic:  15/15      EV: 15    Int: 18    God:    the Shining One [*****.]
Gold:   1853       SH:  0    Dex: 23    Spells: 10/10 levels left

rFire   . .          .
                       - Unarmed
rCold   + . .        (shield currently unavailable)
rNeg    + + .        (helmet currently unavailable)
rPois   +            (no amulet)
rElec   .            k - +6 ring of dexterity
rCorr   +            S - ring of see invisible
SInv    +            E - +6 ring of intelligence
Will    .....        I - ring of protection from cold
Stlth   +            C - ring of resist corrosion
HPRegen 0.34/turn    (no ring)
MPRegen 0.14/turn    (no ring)
                     (no ring)

%: no passive effects
@: snake-form, glowing
A: constrict, boosted hp, almost no armour, amphibious, 8 rings, large,
(camouflage 1), (gelatinous body 1), (nimble swimmer 1), (tentacles)
a: Begin Untransformation, Renounce Religion, Divine Shield, Cleansing Flame,
Summon Divine Warrior


You were on level 10 of the Dungeon.
You worshipped the Shining One.
The Shining One was extremely pleased with you.
You were an enormous serpent.
You visited 2 branches of the dungeon, and saw 11 of its levels.
You also visited: Sewer, Ossuary and Bailey.

You collected 2035 gold pieces.
You spent 182 gold pieces at shops.

Inventory:

Missiles
 B - 2 curare-tipped darts
Jewellery
 k - a +6 ring of dexterity (left tentacle)
 C - a ring of resist corrosion (on tentacle)
 E - a +6 ring of intelligence (on tentacle)
 I - a ring of protection from cold (on tentacle)
 L - an amulet of faith
 S - a ring of see invisible (right tentacle)
Talismans
 b - a beast talisman
 c - a flux talisman
 h - a maw talisman
 x - a serpent talisman (active)
Wands
 p - a wand of flame (37) (quivered)
 y - a wand of paralysis (7)
 D - a wand of digging (4)
Scrolls
 a - a scroll of immolation {unknown}
 e - 5 scrolls of poison
 f - 2 scrolls of revelation
 g - a scroll of fear
 i - 5 scrolls of identify
 j - a scroll of vulnerability {unknown}
 m - a scroll of enchant armour
 r - 3 scrolls of fog
 t - 5 scrolls of teleportation
 u - a scroll of summoning {unknown}
 F - a scroll of silence {unknown}
 H - a scroll of amnesia {unknown}
 J - a scroll of enchant weapon {unknown}
 K - a scroll of torment {unknown}
Potions
 d - 2 potions of might
 l - a potion of heal wounds
 n - 3 potions of attraction
 o - 2 potions of lignification
 q - 6 potions of curing
 s - 4 potions of mutation {unknown}
 v - a potion of enlightenment
 w - 3 potions of invisibility {unknown}
 z - a potion of magic {unknown}
 A - a potion of cancellation {unknown}
 M - 2 potions of brilliance {unknown}
Miscellaneous
 G - a phantom mirror
 N - a box of beasts


   Skills:
 + Level 6.6 Fighting
 + Level 7.0 Dodging
 + Level 7.1 Unarmed Combat
 + Level 5.9 Invocations
 + Level 0.5 Evocations
 * Level 12.1 Shapeshifting


You had 10 spell levels left.
You didn't know any spells.
Your spell library contained the following spells:

 Spells                   Type           Power      Damage    Failure   Level
 Apportation              Tloc           0%         N/A       22%         1
 Ensorcelled Hibernation  Hex/Ice        0%         N/A       32%         2
 Jinxbite                 Hex            0%         N/A       32%         2
 Lesser Beckoning         Tloc           0%         N/A       32%         2
 Fugue of the Fallen      Necr           0%         N/A       54%         3
 Gell's Gravitas          Tloc           0%         N/A       54%         3
 Hailstorm                Conj/Ice       0%         3d5       54%         3
 Ozocubu's Armour         Ice            0%         N/A       54%         3
 Passwall                 Erth           0%         N/A       54%         3
 Summon Ice Beast         Ice/Summ       0%         N/A       54%         3
 Swiftness                Air            0%         N/A       54%         3
 Teleport Other           Tloc           0%         N/A       54%         3
 Manifold Assault         Tloc           0%         N/A       91%         4
 Alistair's Intoxication  Alch           0%         N/A       99%         5
 Dispersal                Tloc           0%         N/A       100%        6
 Sculpt Simulacrum        Ice/Alch       0%         N/A       100%        6


Dungeon Overview and Level Annotations

Branches:
Dungeon (10/15)            Temple (1/1) D:7            Lair (0/5) D:8
  Sewer (visited)         Ossuary (visited)          Bailey (visited)
    Orc: D:9-12

Altars:
Ashenzari
Cheibriados
Dithmenos
Elyvilon
Fedhas
Gozag
Hepliaklqana
Kikubaaqudgha
Makhleb
Nemelex Xobeh
Okawaru
Qazlal
Ru
Sif Muna
Trog
Uskayaw
Vehumet
Wu Jian
Xom
Yredelemnul
Zin
The Shining One

Shops:
D:4 !   D:5 :

Annotations:
D:7 2 transporters, Returnofthet's ghost, novice OpAl


Innate Abilities, Weirdness & Mutations

You are an enormous serpent.
You have a powerful constriction melee attack.
Your maximum health is increased.
Your armour is entirely melded.
You are incapable of wielding weapons or throwing items.
You cannot wear most types of armour.
You are amphibious.
You can wear up to eight rings at the same time.
((Your skin changes colour to match your surroundings (Stealth+).))
((Your rubbery body absorbs attacks. (AC +1, EV +1)))
((You are camouflaged when in or above water. (Stealth+)))
((You have tentacles for arms and can constrict up to eight enemies at once.))


Message History

You hit the orc priest but do no damage.
You grab the orc priest.
The orc priest is severely wounded.
You constrict the orc priest. The orc priest closely misses you.
You hit the orc priest.
The orc priest is almost dead.
You constrict the orc priest.
You kill the orc priest!
The Shining One accepts your kill.
You feel better. The orc closely misses you.
You regained 3 hp, and now have 57/88 hp.
You hit the orc. You grab the orc.
The orc is severely wounded.
You constrict the orc. The orc closely misses you.
You body-slam the orc!!
You kill the orc!
An orc comes into view. It is wielding a +0 dagger.
The orc priest mumbles some strange prayers to Beogh against the orc priest.
Beogh smites you!
The orc priest invokes the aid of Beogh against you.
Beogh smites you!
The orc warrior shoots a bolt.
The bolt barely misses you.
You take 21 damage, and have 37/88 hp.
MASSIVE DAMAGE!!
The orc priest mumbles some strange prayers to Beogh against the orc priest.
Beogh smites you!
The orc warrior shoots a bolt.
The bolt closely misses you.
You take 10 damage, and have 27/88 hp.
You start resting.
An orc priest is nearby!
The orc priest invokes the aid of Beogh against you.
Beogh smites you!
* * * LOW HITPOINT WARNING * * *
You take 11 damage, and have 19/88 hp.
The orc warrior shoots a bolt.
The bolt barely misses you.
You enter the deep water.
The orc priest mumbles some strange prayers to Beogh against you.
Beogh smites you!
* * * LOW HITPOINT WARNING * * *
You take 13 damage, and have 8/88 hp.
The orc priest calls down the wrath of Beogh upon you.
Beogh smites you!
You die...

#.# #............... #.#
#.#######......# #.# #.# #.......
#.######### #.#######.##.###
#..o.o.oo.# #.........##.#
###.#######.######...#####.##.#
#............................†##
#.ß≈≈≈≈≈≈≈≈≈≈≈≈≈≈≈≈≈≈≈≈≈≈≈≈≈≈†.##
#.≈ß≈≈≈≈≈≈≈≈≈≈≈≈S≈≈≈≈≈≈≈≈≈≈≈≈†..#
..≈≈oo#####################≈≈....
.o≈≈.#ooo..o. #≈≈....
+.≈≈##Oooo..o #≈≈.... #...o


oo..... #≈≈.... #.≈≈# ....... #≈≈.... #.≈≈. :....o. #≈†.<.# #.≈≈ '#######
#≈≈).## #. ≈≈≈≈≈≈.## You could see 2 orc priests.

Vanquished Creatures
  2 two-headed ogres
  An ugly thing (D:8)
  Maurice (D:8)
  An elephant (D:8)
  Joseph (D:9)
  A hornet (D:9)
  Sigmund (D:2)
  6 yaks (D:8)
  A wyvern (D:9)
  Menkaure (D:5)
  An acid dragon (D:8)
  An orc warrior (D:8)
  2 sky beasts (D:7)
  3 black bears
  Pargi (Sewer)
  A centaur (D:8)
  5 ogres
  9 wolves (Bailey)
  3 kobold brigands
  2 elf zombies (Ossuary)
  5 bullfrogs
  10 gnoll sergeants
  4 scorpions
  8 wights
  12 killer bees
  An electric eel (D:10)
  A howler monkey (D:8)
  A crimson imp (D:7)
  6 hounds
  2 human zombies (Ossuary)
  A centaur zombie (Ossuary)
  3 jellies
  4 orc priests
  8 gnoll boudas
  2 iguanas (D:5)
  A sleepcap (D:4)
  4 orc wizards
  6 hound zombies (Ossuary)
  2 mummies (Ossuary)
  Robin (D:3)
  8 adders
  13 gnolls
  A shadow imp (D:5)
  3 white imps
  8 adder zombies (Ossuary)
  3 dart slugs
  6 ribbon worms
  28 orcs
  8 ball pythons
  6 endoplasms
  7 giant cockroaches
  22 goblins
  11 hobgoblins
  3 quokkas
  8 bats
  5 frilled lizards
  5 gnoll zombies (Ossuary)
  3 jackal zombies
  20 kobolds
  5 kobold zombies (Ossuary)
  5 orc zombies (Ossuary)
  10 rats
314 creatures vanquished.

Vanquished Creatures (others)
  A human (D:5)
1 creature vanquished.

Grand Total: 315 creatures vanquished

Notes
Turn   | Place    | Note
-------+----------+-------------------------------------------
     0 | D:1      | Dirtsage the Octopode Shapeshifter began the quest for the
                  | Orb.
     0 | D:1      | Reached XP level 1. HP: 13/13 MP: 1/1
    98 | D:1      | Reached XP level 2. HP: 17/18 MP: 2/2
   205 | D:1      | Reached XP level 3. HP: 23/23 MP: 3/3
   393 | D:1      | Upgraded the game from 0.32-a0-290-g598725c5f2 to
                  | 0.32-a0-305-gcc768c7156
   705 | D:1      | Reached XP level 4. HP: 29/29 MP: 4/4
  1013 | D:2      | You fall into a shaft and drop 2 floors!
  1014 | D:4      | Noticed an ogre
  1015 | D:4      | Noticed a scorpion
  1017 | D:4      | Noticed a scorpion
  1030 | D:4      | Killed a scorpion
  1031 | D:4      | Reached skill level 4 in Shapeshifting
  1031 | D:4      | Reached XP level 5. HP: 26/34 MP: 5/5
  1077 | D:4      | Killed an ogre
  1078 | D:4      | Reached XP level 6. HP: 41/41 MP: 6/6
  1177 | D:4      | Found a hide-covered altar of Uskayaw.
  1233 | D:3      | Noticed Robin
  1255 | D:3      | Killed Robin
  1331 | D:3      | Found a glowing drain.
  1352 | Sewer    | Entered a sewer
  1375 | Sewer    | Reached skill level 5 in Shapeshifting
  1396 | Sewer    | Noticed Pargi
  1405 | Sewer    | Killed Pargi
  1406 | Sewer    | Reached XP level 7. HP: 13/46 MP: 7/7
  2050 | D:2      | Noticed Sigmund
  2582 | D:2      | Killed Sigmund
  2583 | D:2      | Reached skill level 6 in Shapeshifting
  3318 | D:4      | Found a glowing golden altar of the Shining One.
  3320 | D:4      | Noticed an angel
  3385 | D:4      | Reached skill level 7 in Shapeshifting
  3385 | D:4      | Reached XP level 8. HP: 51/52 MP: 8/8
  3430 | D:4      | Found Mykkeqoc's Distillery.
  3667 | D:4      | Found a basalt altar of Yredelemnul.
  3669 | D:4      | Noticed a profane servitor
  3703 | D:4      | Became a worshipper of the Shining One
  3714 | D:5      | Entered Level 5 of the Dungeon
  4069 | D:5      | Noticed Menkaure
  4075 | D:5      | Killed Menkaure
  4076 | D:5      | Reached skill level 8 in Shapeshifting
  4182 | D:5      | Found an ancient bone altar of Kikubaaqudgha.
  4233 | D:4      | Bought a potion of heal wounds for 70 gold pieces
  4233 | D:4      | Bought a potion of degeneration for 14 gold pieces
  4233 | D:4      | Bought a potion of curing for 42 gold pieces
  4233 | D:4      | Bought a potion of might for 56 gold pieces
  4355 | D:5      | Found an ornate altar of the Wu Jian Council.
  4398 | D:5      | Found a glowing silver altar of Zin.
  4488 | D:5      | Found Oteniyd's Self-Published Books.
  4598 | D:6      | Reached skill level 9 in Shapeshifting
  4709 | D:6      | Reached XP level 9. HP: 43/57 MP: 9/9
  4760 | D:6      | Found a sand-covered staircase.
  4769 | Ossuary  | Entered an ossuary
  4792 | Ossuary  | Reached * piety under the Shining One
  4857 | Ossuary  | Reached ** piety under the Shining One
  4925 | Ossuary  | Reached *** piety under the Shining One
  4931 | Ossuary  | Reached skill level 1 in Invocations
  5090 | Ossuary  | Identified a scroll of acquirement
  5090 | Ossuary  | Acquired 1099 gold pieces
  5967 | D:7      | Noticed Returnofthet's ghost (novice OpAl)
  5967 | D:7      | Reached **** piety under the Shining One
  6161 | D:7      | Reached skill level 10 in Shapeshifting
  6274 | D:7      | Found a staircase to the Ecumenical Temple.
  6283 | Temple   | Entered the Ecumenical Temple
  6378 | D:7      | Reached skill level 5 in Unarmed Combat
  6839 | D:7      | Found a transporter.
  6843 | D:7      | Identified the +7 great mace "Iggim" {drain, rPois}
  6843 | D:7      | Noticed a two-headed ogre
  6845 | D:7      | Found a transporter.
  7024 | D:8      | Noticed a two-headed ogre
  7033 | D:8      | Killed a two-headed ogre
  7034 | D:8      | Reached skill level 5 in Dodging
  7034 | D:8      | Reached XP level 10. HP: 56/65 MP: 12/12
  7127 | D:8      | Reached skill level 5 in Fighting
  7209 | D:8      | Found a flagged portal.
  7214 | Bailey   | Entered a bailey
  8066 | Bailey   | Reached skill level 11 in Shapeshifting
  8354 | Bailey   | Identified the +6 orcbow of Spite {drain, Dex+2}
  8833 | Bailey   | Reached ***** piety under the Shining One
  9077 | D:8      | Noticed a brown ugly thing
  9098 | D:8      | Killed a brown ugly thing
  9201 | D:8      | Noticed an elephant
  9222 | D:8      | Killed an elephant
  9223 | D:8      | Reached skill level 5 in Invocations
  9223 | D:8      | Reached XP level 11. HP: 33/72 MP: 14/14
  9556 | D:8      | Found a staircase to the Lair.
  9610 | D:8      | Found a hazy altar of Hepliaklqana.
  9659 | D:8      | Noticed Maurice
  9669 | D:8      | Maurice stole a staff of alchemy
  9671 | D:8      | Killed Maurice
 10325 | D:9      | Noticed a two-headed ogre
 10336 | D:9      | Killed a two-headed ogre
 10369 | D:9      | Noticed Joseph
 10374 | D:9      | Paralysed by Joseph for 3 turns
 10385 | D:9      | Killed Joseph
 10587 | D:9      | Reached skill level 12 in Shapeshifting
 11087 | D:10     | Entered Level 10 of the Dungeon
 11298 | D:10     | Noticed a two-headed ogre
 11330 | D:10     | Killed from afar by an orc priest

Illustrated notes

Levels and vault maps discovered:
D:1:      dpeg_arrival_radiant, layout_basic, minmay_tall_x
D:2:      layout_basic, serial_curves, eino_curves_01, eino_curves_02,
          uniq_sigmund
D:3:      layout_rooms, portal_sewer_entry_a, hangedman_decor_diamond_cutter,
          uniq_robin
D:4:      layout_basic, nicolae_overflow_hidden_temple,
          grunt_temple_overflow_holy_war, serial_shops, nicolae_take_the_stairs
D:5:      layout_rooms, mainiacjoe_overflow_surrounded_room, tgw_kikubaaqudgha,
          pdpol_wu_jian_five_deadly_venoms, serial_bayou_pond_e,
          nicolae_custom_books, uniq_menkaure
D:6:      layout_basic, enter_ossuary_3
D:7:      layout_gridville, minmay_temple_entry_butterflies,
          gammafunk_ghost_smash, dreamdust_mushroom_princess,
          minmay_fire_ice_demons
D:8:      layout_basic, nicolae_hepliaklqana_hazy_memory,
          grunt_lair_entry_orc_guard_hut, enter_bailey_3, uniq_maurice
D:9:      layout_irregular_city, uniq_joseph
D:10:     layout_loops_corners, erik_orc_2, minmay_misc_feat_nine_boxes,
          uniq_sonja, uniq_maggie, uniq_josephine
Temple:   nicolae_temple_no_exploring_needed

Skill      XL: |  1  2  3  4  5  6  7  8  9 10 11 |
---------------+----------------------------------+-----
Fighting       | 2 3 4 5 6 |  6.6
Shapeshifting  | 4 5 7 9 10 11 12 | 12.1
Dodging        | 3 5 6 7 |  7.0
Unarmed Combat | 4 5 6 7 |  7.1
Invocations    | 3 5 |  5.9
Evocations     | |  0.5

Action                     |  1- 3 |  4- 6 |  7- 9 | 10-12 || total
---------------------------+-------+-------+-------+-------++-------
  Melee: Unarmed           |    58 |   100 |   320 |   308 ||   786
         Constrict         |    13 |    21 |    96 |    77 ||   207
         Tentacles         |    11 |    18 |    14 |       ||    43
         Punch             |       |     3 |     6 |       ||     9
 Invoke: Divine Shield     |       |       |       |     1 ||     1
  Evoke: Wand              |       |       |     5 |    16 ||    21
    Use: Potion            |       |     1 |       |       ||     1
         Scroll            |       |       |    12 |       ||    12
   Stab: Sleeping          |     6 |     3 |     8 |       ||    17
 Armour: Skin              |    18 |    44 |   143 |   227 ||   432
  Dodge: Dodged            |    33 |    41 |   159 |   212 ||   445
  Block: Other             |       |       |       |     2 ||     2
   Form: Serpent           |       |       |     1 |       ||     1

Table legend: (Time is in decaauts)
 A = Elapsed time spent in this place.
 B = Non-inter-level travel time spent in this place.
 C = Inter-level travel time spent in this place.
 D = Time resting spent in this place.
 E = Time spent auto-exploring this place.
 F = Levels seen in this place.
 G = Mean time per level.
                   A        B        C        D        E       F      G
               +--------+--------+--------+--------+--------+-----+--------+
         Total |  11253 |  10699 |    554 |   1421 |   6891 |  14 |  803.8 |
       Dungeon |   8849 |   8295 |    554 |    349 |   6388 |  10 |  884.9 |
        Temple |      1 |      1 |      0 |      0 |      0 |   1 |    1.0 |
         Sewer |    235 |    235 |      0 |      0 |    186 |   1 |  235.0 |
       Ossuary |    318 |    318 |      0 |      0 |    160 |   1 |  318.0 |
        Bailey |   1847 |   1847 |      0 |   1072 |    157 |   1 | 1847.0 |
               +--------+--------+--------+--------+--------+-----+--------+

Top non-repeatable levels by time:
  Bailey: 1847 daAuts
     D:2: 1177 daAuts
     D:8: 1154 daAuts
     D:9: 1064 daAuts
     D:7: 1059 daAuts
     D:1: 1038 daAuts
     D:6: 997 daAuts
     D:4: 928 daAuts
     D:5: 678 daAuts
     D:3: 511 daAuts
 Ossuary: 318 daAuts
    D:10: 240 daAuts
   Sewer: 235 daAuts
  Temple: 1 daAuts
